3L
AUSTIN RANGERS @ SEATTLE AVIATORS
07/17/2021
 
TOP OF THE 1ST
Austin Rangers batting - Pitching for Seattle Aviators : RHP Seong-rae Park
Pitching: RHP Seong-rae Park
Batting: RHB Alex Maxwell 0-0: SINGLE (Line Drive, 56)
Batting: SHB Carlos Kramer 0-0: Fly out, F8 (Flyball, 8RM)
Batting: LHB Trent Kershaw 0-0: Called Strike
0-1: Fly out, F6 (Popup, 56D)
Batting: RHB Joaquín Parra 0-0: Ball
1-0: Ball
Alex Maxwell is caught stealing 2nd base
Top of the 1st over - 0 run(s), 1 hit(s), 0 error(s), 0 left on base; Austin 0 - Seattle 0
BOTTOM OF THE 1ST
Seattle Aviators batting - Pitching for Austin Rangers : RHP Les Edwards
Pitching: RHP Les Edwards
Batting: SHB Ernest Miller 0-0: Swinging Strike
0-1: Swinging Strike
0-2: Ball
1-2: Ball
2-2: Ground out U3 (Groundball, 3L)
Batting: LHB Steve Grimes 0-0: Swinging Strike
0-1: Called Strike
0-2: Ball
1-2: Ball
2-2: Fly out, F7 (Flyball, 7M)
Batting: RHB Tynan Hawkins 0-0: Foul Ball, location: 2F
0-1: Foul Ball, location: 2F
0-2: Ground out 1-3 (Groundball, 13S)
Bottom of the 1st over - 0 run(s), 0 hit(s), 0 error(s), 0 left on base; Austin 0 - Seattle 0
TOP OF THE 2ND
Austin Rangers batting - Pitching for Seattle Aviators : RHP Seong-rae Park
Batting: RHB Joaquín Parra 0-0: Foul Ball, location: 2F
0-1: Hit by Pitch
Batting: RHB Max White 0-0: Ball
1-0: Called Strike
1-1: Ball
2-1: Foul Ball, location: 2F
2-2: Ground out 5-3 (Groundball, 56S)
Joaquín Parra to second
Batting: LHB Jon MacIntyre 0-0: Called Strike
0-1: Ball
1-1: Ball
2-1: Fly out, F7 (Flyball, 7M)
Batting: RHB Riley Howard 0-0: Called Strike
0-1: Swinging Strike
0-2: Strikes out looking
Top of the 2nd over - 0 run(s), 0 hit(s), 0 error(s), 1 left on base; Austin 0 - Seattle 0
BOTTOM OF THE 2ND
Seattle Aviators batting - Pitching for Austin Rangers : RHP Les Edwards
Batting: RHB Clarence Fox 0-0: Ball
1-0: Called Strike
1-1: Ball
2-1: Ball
3-1: Base on Balls
Batting: RHB Lindsay Stewart 0-0: Ball
Clarence Fox is caught stealing 2nd base
1-0: Ball
2-0: Called Strike
2-1: Called Strike
2-2: Strikes out swinging
Batting: LHB Frank Wentworth 0-0: Foul Ball, location: 2F
0-1: Ball
1-1: SINGLE (Line Drive, 4D)
Batting: LHB Kenny Webster 0-0: Foul Ball, location: 2F
0-1: Called Strike
0-2: DOUBLE (Flyball, 89XD)
Frank Wentworth to third
Runner from 3rd tries for Home, SAFE, no throw or cutoff
Batting: RHB Kenzaburo Hori 0-0: Ground out 4-3 (Groundball, 4)
Bottom of the 2nd over - 1 run(s), 2 hit(s), 0 error(s), 1 left on base; Austin 0 - Seattle 1
TOP OF THE 3RD
Austin Rangers batting - Pitching for Seattle Aviators : RHP Seong-rae Park
Batting: LHB Phil Ritchie 0-0: Ball
1-0: Ball
2-0: Ball
3-0: Called Strike
3-1: Fly out, F7 (Flyball, 7LM)
Batting: RHB Joseph Pate 0-0: Swinging Strike
0-1: Foul Ball, location: 2F
0-2: Ball
1-2: Ball
2-2: Ball
3-2: Base on Balls
Batting: RHB Alex Maxwell 0-0: Ball
1-0: Ball
Joseph Pate steals 2nd base
2-0: Ball
3-0: Called Strike
3-1: Base on Balls
Batting: SHB Carlos Kramer 0-0: Ball
1-0: Called Strike
1-1: Fly out, F9 (Flyball, 89XD)
Runner from 2nd tags up, SAFE at 3rd, no throw
Batting: LHB Trent Kershaw 0-0: Ball
1-0: Ball
2-0: Ball
3-0: Base on Balls
Alex Maxwell to second
Batting: RHB Joaquín Parra 0-0: Called Strike
0-1: Ball
1-1: Swinging Strike
1-2: Fly out, F7 (Flyball, 7M)
Top of the 3rd over - 0 run(s), 0 hit(s), 0 error(s), 3 left on base; Austin 0 - Seattle 1
BOTTOM OF THE 3RD
Seattle Aviators batting - Pitching for Austin Rangers : RHP Les Edwards
Batting: RHB Brian Williams 0-0: Ground out 6-3 (Groundball, 6)
Batting: SHB Ernest Miller 0-0: Called Strike
0-1: Swinging Strike
0-2: Ball
1-2: Ball
2-2: Ball
3-2: Base on Balls
Batting: LHB Steve Grimes 0-0: Ball
1-0: Called Strike
1-1: Ball
Ernest Miller steals 2nd base
2-1: Fly out, F8 (Flyball, 78M)
Batting: RHB Tynan Hawkins 0-0: Ball
1-0: Swinging Strike
1-1: Ball
2-1: Foul Ball, location: 2F
2-2: Ground out 5-3 (Groundball, 56)
Bottom of the 3rd over - 0 run(s), 0 hit(s), 0 error(s), 1 left on base; Austin 0 - Seattle 1
TOP OF THE 4TH
Austin Rangers batting - Pitching for Seattle Aviators : RHP Seong-rae Park
Batting: RHB Max White 0-0: Ball
1-0: Ball
2-0: Called Strike
2-1: Foul Ball, location: 2F
2-2: Foul Ball, location: 2F
2-2: Ball
3-2: Foul Ball, location: 2F
3-2: Foul Ball, location: 2F
3-2: Strikes out looking
Batting: LHB Jon MacIntyre 0-0: Called Strike
0-1: Foul Ball, location: 2F
0-2: Ball
1-2: Strikes out swinging
Batting: RHB Riley Howard 0-0: Called Strike
0-1: Ball
1-1: Swinging Strike
1-2: Fly out, F9 (Line Drive, 9D)
Top of the 4th over - 0 run(s), 0 hit(s), 0 error(s), 0 left on base; Austin 0 - Seattle 1
BOTTOM OF THE 4TH
Seattle Aviators batting - Pitching for Austin Rangers : RHP Les Edwards
Batting: RHB Clarence Fox 0-0: Ball
1-0: Called Strike
1-1: Ball
2-1: Called Strike
2-2: Ball
3-2: Base on Balls
Batting: RHB Lindsay Stewart 0-0: Called Strike
0-1: Called Strike
Throwing error on steal attempt, E2
Clarence Fox to third
0-2: SINGLE (Flyball, 8RS)
Clarence Fox scores
Batting: LHB Frank Wentworth 0-0: Ball
1-0: Swinging Strike
Lindsay Stewart steals 2nd base
1-1: Ball
2-1: Ball
3-1: Foul Ball, location: 2F
3-2: Foul Ball, location: 2F
3-2: SINGLE (Flyball, 89S)
Lindsay Stewart to third
Runner from 3rd tries for Home, SAFE, no throw or cutoff
Batting: LHB Kenny Webster 0-0: Called Strike
0-1: Ball
1-1: Ground out 4-3 (Groundball, 4M)
Frank Wentworth to second
Batting: RHB Kenzaburo Hori 0-0: Called Strike
0-1: Ball
1-1: Called Strike
1-2: Strikes out looking
Batting: RHB Brian Williams 0-0: Called Strike
0-1: Foul Ball, location: 2F
0-2: DOUBLE (Line Drive, 78M)
Frank Wentworth scores
Batting: SHB Ernest Miller 0-0: Foul Ball, location: 2F
0-1: Ground out 4-3 (Groundball, 4M)
Bottom of the 4th over - 3 run(s), 3 hit(s), 1 error(s), 1 left on base; Austin 0 - Seattle 4
TOP OF THE 5TH
Austin Rangers batting - Pitching for Seattle Aviators : RHP Seong-rae Park
Batting: LHB Phil Ritchie 0-0: Called Strike
0-1: Ball
1-1: Foul Ball, location: 2F
1-2: Ball
2-2: Ball
3-2: Ground out 4-3 (Groundball, 4)
Batting: RHB Joseph Pate 0-0: Called Strike
0-1: Called Strike
0-2: Ball
1-2: Foul Ball, location: 2F
1-2: Ball
2-2: Ball
3-2: Strikes out looking
Batting: RHB Alex Maxwell 0-0: Ball
1-0: Foul Ball, location: 2F
1-1: Swinging Strike
1-2: Foul Ball, location: 2F
1-2: Ground out 6-3 (Groundball, 6)
Top of the 5th over - 0 run(s), 0 hit(s), 0 error(s), 0 left on base; Austin 0 - Seattle 4
BOTTOM OF THE 5TH
Seattle Aviators batting - Pitching for Austin Rangers : RHP Les Edwards
Batting: LHB Steve Grimes 0-0: Called Strike
0-1: SINGLE (Groundball, 4MD)
Batting: RHB Tynan Hawkins 0-0: Ball
1-0: Ball
2-0: Ball
3-0: Called Strike
3-1: Fielders Choice at 2nd, 6-4 (Groundball, 56)
Batting: RHB Clarence Fox 0-0: Ball
Tynan Hawkins steals 2nd base
1-0: Ball
2-0: Ball
Tynan Hawkins steals 3rd base
3-0: Called Strike
3-1: SINGLE (Line Drive, 78S)
Tynan Hawkins scores
Batting: RHB Lindsay Stewart 0-0: Ball
1-0: Ball
2-0: Ball
3-0: Called Strike
3-1: Foul Ball, location: 2F
3-2: Base on Balls
Clarence Fox to second
Batting: LHB Frank Wentworth 0-0: Ball
Clarence Fox steals 3rd base
Lindsay Stewart to second
1-0: SINGLE (Line Drive, 56D)
Clarence Fox scores
Lindsay Stewart to third
Runner from 3rd tries for Home, SAFE, no throw or cutoff
Pitching: RHP Joe Johnson
Batting: LHB Kenny Webster 0-0: Grounds into double play, 1-6-3 (Groundball, 13)
Bottom of the 5th over - 3 run(s), 3 hit(s), 0 error(s), 0 left on base; Austin 0 - Seattle 7
TOP OF THE 6TH
Austin Rangers batting - Pitching for Seattle Aviators : RHP Seong-rae Park
Batting: SHB Carlos Kramer 0-0: Ball
1-0: Ball
2-0: Foul Ball, location: 2F
2-1: Ball
3-1: Base on Balls
Batting: LHB Trent Kershaw 0-0: Ball
1-0: Ball
2-0: Ball
3-0: Called Strike
3-1: Swinging Strike
3-2: Strikes out looking
Carlos Kramer steals 2nd base
Batter strikes out.
Batting: RHB Joaquín Parra 0-0: Ball
1-0: Called Strike
1-1: Ball
2-1: DOUBLE (Flyball, 9LS)
Carlos Kramer scores
Batting: RHB Max White 0-0: Ball
1-0: Ball
2-0: Ball
3-0: Called Strike
3-1: Ground out 6-3 (Groundball, 6)
Batting: LHB Jon MacIntyre 0-0: Ball
1-0: Called Strike
1-1: Foul Ball, location: 2F
1-2: Ground out 4-3 (Groundball, 13)
Top of the 6th over - 1 run(s), 1 hit(s), 0 error(s), 1 left on base; Austin 1 - Seattle 7
BOTTOM OF THE 6TH
Seattle Aviators batting - Pitching for Austin Rangers : RHP Joe Johnson
Batting: RHB Kenzaburo Hori 0-0: Ball
1-0: DOUBLE (Groundball, 3D)
Batting: RHB Brian Williams 0-0: Ball
1-0: Ground out 6-3 (Groundball, 6S)
Kenzaburo Hori to third
Batting: SHB Ernest Miller 0-0: Ball
1-0: Foul Ball, location: 2F
1-1: Ground out 4-3 (Groundball, 4)
Kenzaburo Hori scores
Batting: LHB Steve Grimes 0-0: Ball
1-0: Called Strike
1-1: Fly out, F7 (Flyball, 7M)
Bottom of the 6th over - 1 run(s), 1 hit(s), 0 error(s), 0 left on base; Austin 1 - Seattle 8
TOP OF THE 7TH
Austin Rangers batting - Pitching for Seattle Aviators : RHP Seong-rae Park
Batting: RHB Riley Howard 0-0: Ball
1-0: Ball
2-0: SINGLE (Groundball, 56D)
Batting: LHB Phil Ritchie 0-0: Called Strike
0-1: Ball
1-1: Called Strike
1-2: Fielders Choice at 2nd, 5-4 (Groundball, 56)
Pitching: RHP Rex Hood
Batting: RHB Joseph Pate 0-0: Ball
Wild Pitch!
Phil Ritchie to second
1-0: Called Strike
1-1: Ball
2-1: Ball
3-1: Base on Balls
Batting: RHB Alex Maxwell 0-0: Foul Ball, location: 2F
0-1: Ball
1-1: Swinging Strike
1-2: Ball
2-2: Ball
3-2: Base on Balls
Phil Ritchie to third
Joseph Pate to second
Batting: SHB Carlos Kramer 0-0: Ball
1-0: Ball
2-0: Called Strike
2-1: Foul Ball, location: 2F
2-2: Ball
3-2: Foul Ball, location: 2F
3-2: Base on Balls
Phil Ritchie scores
Joseph Pate to third
Alex Maxwell to second
Batting: LHB Trent Kershaw 0-0: Called Strike
0-1: Ball
1-1: Ball
2-1: Ball
3-1: Swinging Strike
3-2: Foul Ball, location: 2F
3-2: Foul Ball, location: 2F
3-2: Fly out, F4 (Line Drive, 4M)
Batting: RHB Joaquín Parra 0-0: Called Strike
0-1: Ball
1-1: Foul Ball, location: 2F
1-2: Fly out, F4 (Line Drive, 4)
Top of the 7th over - 1 run(s), 1 hit(s), 0 error(s), 3 left on base; Austin 2 - Seattle 8
BOTTOM OF THE 7TH
Seattle Aviators batting - Pitching for Austin Rangers : RHP Joe Johnson
Batting: RHB Tynan Hawkins 0-0: Ball
1-0: Called Strike
1-1: Ground out 6-3 (Groundball, 6)
Batting: RHB Clarence Fox 0-0: Swinging Strike
0-1: Swinging Strike
0-2: Ball
1-2: Foul Ball, location: 2F
1-2: Ground out 5-3 (Groundball, 5L)
Batting: RHB Lindsay Stewart 0-0: Ball
1-0: Called Strike
1-1: Ball
2-1: Called Strike
2-2: SINGLE (Line Drive, 6MD)
Batting: LHB Frank Wentworth 0-0: Ball
1-0: Called Strike
1-1: Ball
2-1: Ball
3-1: DOUBLE (Line Drive, 3L)
Lindsay Stewart to third
Runner from 3rd tries for Home, throw and OUT!
Bottom of the 7th over - 0 run(s), 2 hit(s), 0 error(s), 1 left on base; Austin 2 - Seattle 8
TOP OF THE 8TH
Austin Rangers batting - Pitching for Seattle Aviators : RHP Rex Hood
Batting: RHB Max White 0-0: Foul Ball, location: 2F
0-1: Ball
1-1: Ball
2-1: Ball
3-1: Base on Balls
Batting: LHB Jon MacIntyre 0-0: Ball
1-0: Ball
2-0: Ball
3-0: Base on Balls
Max White to second
Batting: RHB Riley Howard 0-0: Ball
1-0: Ball
2-0: Foul Ball, location: 2F
2-1: Ball
3-1: Called Strike
3-2: Strikes out swinging
Batting: LHB Phil Ritchie 0-0: Ball
1-0: Ball
2-0: Ball
3-0: Called Strike
3-1: Base on Balls
Max White to third
Jon MacIntyre to second
Pitching: RHP Esteban García
Batting: RHB Joseph Pate 0-0: Called Strike
0-1: Called Strike
0-2: Ball
1-2: Grounds into fielders choice 1-2 (Groundball, 13S)
Jon MacIntyre to third
Phil Ritchie to second
Batting: RHB Alex Maxwell 0-0: Ball
1-0: Foul Ball, location: 2F
1-1: Ball
2-1: Foul Ball, location: 2F
2-2: Ball
3-2: Base on Balls
Jon MacIntyre scores
Phil Ritchie to third
Joseph Pate to second
Pitching: RHP Larry Lee
Batting: SHB Carlos Kramer 0-0: Called Strike
0-1: Called Strike
0-2: Ball
1-2: Strikes out swinging
Top of the 8th over - 1 run(s), 0 hit(s), 0 error(s), 3 left on base; Austin 3 - Seattle 8
BOTTOM OF THE 8TH
Seattle Aviators batting - Pitching for Austin Rangers : RHP Joe Johnson
Batting: LHB Kenny Webster 0-0: Called Strike
0-1: Ball
1-1: Called Strike
1-2: Ground out 4-3 (Groundball, 4)
Batting: RHB Kenzaburo Hori 0-0: Ball
1-0: Ball
2-0: SINGLE (Groundball, 6MD)
Batting: RHB Brian Williams 0-0: Ball
1-0: Called Strike
1-1: SINGLE (Groundball, 56D)
Kenzaburo Hori to second
Batting: SHB Ernest Miller 0-0: Ball
1-0: Called Strike
1-1: Fly out, F9 (Line Drive, 9LM)
Batting: LHB Steve Grimes 0-0: Ball
1-0: Ball
2-0: Called Strike
2-1: Foul Ball, location: 2F
2-2: Ball
3-2: Base on Balls
Kenzaburo Hori to third
Brian Williams to second
Batting: RHB Tynan Hawkins 0-0: Fly out, F7 (Line Drive, 78M)
Bottom of the 8th over - 0 run(s), 2 hit(s), 0 error(s), 3 left on base; Austin 3 - Seattle 8
TOP OF THE 9TH
Austin Rangers batting - Pitching for Seattle Aviators : RHP Larry Lee
Now at 1B: Vernon Caw
Batting: LHB Trent Kershaw 0-0: Ball
1-0: Ball
2-0: Ball
3-0: Base on Balls
Batting: RHB Joaquín Parra 0-0: Ball
1-0: Called Strike
1-1: Foul Ball, location: 2F
1-2: Reached on error, E5 (Groundball, 56)
Trent Kershaw to second
Batting: RHB Max White 0-0: Swinging Strike
0-1: Ball
1-1: Swinging Strike
1-2: Ball
2-2: Foul Ball, location: 2F
2-2: Strikes out swinging
Batting: LHB Jon MacIntyre 0-0: Ball
1-0: Fielders Choice at 2nd, 6-4 (Groundball, 6M)
Trent Kershaw to third
Batting: RHB Riley Howard 0-0: Foul Ball, location: 2F
0-1: Ball
1-1: Foul Ball, location: 2F
1-2: Ball
2-2: Strikes out swinging
Top of the 9th over - 0 run(s), 0 hit(s), 1 error(s), 2 left on base; Austin 3 - Seattle 8
This league is powered by Out of the Park Baseball, the baseball management simulation game for PC, Mac and Linux
Friday, January 22nd, 2016 - OOTP Baseball 16.9 Build 39